 Dungeon Crawl Stone Soup version 0.31-a0-1272-g9f703e4c1d (webtiles) character file.

Game seed: 12541502232640785696

565 Gargoyl the Chopper (level 7, -3/44 HPs)
             Began as a Gargoyle Berserker on Dec 17, 2023.
             Was a Believer of Trog.
             Splashed by a jelly's acid (7 damage)
             ... on level 4 of the Dungeon.
             The game lasted 00:03:12 (1872 turns).

Gargoyl the Chopper (Gargoyle Berserker)            Turns: 1872, Time: 00:03:13

Health: -3/44      AC: -4    Str: 21    XL:     7   Next: 32%
Magic:  7/7        EV: 11    Int:  7    God:    Trog [**....]
Gold:   37         SH:  0    Dex: 11    Spells: 6/6 levels left

rFire   . . .        a - +0 hand axe
rCold   . . .        (no shield)
rNeg    + . .        e - +0 ring mail
rPois   ∞            (no helmet)
rElec   +            (no cloak)
rCorr   .            (no gloves)
SInv    .            f - +0 pair of boots
Will    .....        (no amulet)
Stlth   +            (no ring)
HPRegen 0.27/turn    (no ring)
MPRegen 0.10/turn

%: no passive effects
@: corroded
A: sickness immunity, AC +4, negative energy resistance 1, electricity
resistance, torment resistance 1, petrification resistance
a: Renounce Religion, Berserk, Trog's Hand


You were on level 4 of the Dungeon.
You worshipped Trog.
Trog was pleased with you.
You visited 1 branch of the dungeon, and saw 5 of its levels.

You collected 149 gold pieces.
You spent 112 gold pieces at shops.

Inventory:

Hand Weapons
 a - a +0 hand axe (weapon)
Armour
 e - a +0 ring mail (worn)
 f - a +0 pair of boots (worn)
Scrolls
 d - 4 scrolls of identify
 g - a scroll of poison
Potions
 b - 2 potions of attraction {unknown}
 c - 2 potions of mutation
 h - a potion of heal wounds {unknown}
 i - a potion of curing {unknown}
 j - a potion of brilliance {unknown}


   Skills:
 + Level 4.9 Fighting
 + Level 5.3 Axes
 + Level 3.6 Armour
 + Level 3.1 Dodging
 + Level 1.1 Stealth


You had 6 spell levels left.
You didn't know any spells.
Your spell library was empty.

Dungeon Overview and Level Annotations

Branches:
Dungeon (5/15)
 Temple: D:4-7

Altars:
Wu Jian

Shops:
D:4 !


Innate Abilities, Weirdness & Mutations

You are immune to sickness and miasma.
Your stone body is resilient. (AC +4)
You are immune to poison.
You resist negative energy. (rN+)
You are resistant to electric shocks. (rElec)
You are resistant to unholy torment.
You are immune to petrification.


Message History

You see here 15 gold pieces.
You see here 15 gold pieces.
You now have 37 gold pieces (gained 15).
The jelly closely misses you.
You hit the jelly.
Your hands burn!
The jelly is lightly wounded.
The jelly closely misses you.
You hit the jelly. The acid corrodes you!
Your hands burn!
The jelly is heavily wounded.
The jelly closely misses you.
You hit the jelly but do no damage.
Your hands burn!
The jelly is heavily wounded.
The jelly hits you but does no damage.
You hit the jelly but do no damage.
Your hands burn!
The jelly is heavily wounded.
The jelly hits you but does no damage.
You hit the jelly but do no damage.
Your hands burn!
The jelly is heavily wounded.
The jelly barely misses you.
You hit the jelly.
Your hands burn!
The jelly is almost dead.
The jelly hits you but does no damage.
You hit the jelly but do no damage. The acid corrodes you!
Your hands burn!
The jelly is almost dead.
The jelly hits you but does no damage.
You hit the jelly but do no damage.
Your hands burn!
The jelly is almost dead.
The jelly hits you.
You are splashed with acid!
* * * LOW HITPOINT WARNING * * *
You hit the jelly.
Your hands burn!
* * * LOW HITPOINT WARNING * * *
The jelly is almost dead.
The jelly barely misses you.
You hit the jelly but do no damage. The acid corrodes you!
Your hands burn!
* * * LOW HITPOINT WARNING * * *
The jelly is almost dead.
The jelly closely misses you. The jelly hits you.
* * * LOW HITPOINT WARNING * * *
The acid corrodes you!
You are splashed with acid!
You die...

#.##..P~≈≈~P.
#.##.~~~~≈~~.
##.##...P~~...
######...##.~~~~~.#
............~~≈~~.#
.###.#...#...≈≈P~.#
##.###.~P≈~... #.#
#..~≈~[~. #.# #@J~≈≈P~.
#.# #..~≈≈~.. ##.#
#..P≈≈~..
#######.∩###.~≈≈≈≈P.
#.........##..~≈≈≈..
#####.######..#...~~≈≈..
.))...######..#....~≈≈~.
#)>.......##..#...~~≈≈..
#)###.###.........~≈≈≈#.


You could see a jelly.

Vanquished Creatures
  Sigmund (D:2)
  An ogre (D:5)
  A phantom (D:5)
  3 orc priests
  A jelly (D:5)
  2 orc wizards
  A gnoll (D:1)
  An adder (D:2)
  A worm (D:4)
  10 orcs
  10 ball pythons
  7 endoplasms
  A giant cockroach (D:1)
  3 goblins
  4 hobgoblins
  2 quokkas
  4 bats
  A frilled lizard (D:2)
  3 kobolds
  4 rats
61 creatures vanquished.

Notes
Turn   | Place    | Note
-------+----------+-------------------------------------------
     0 | D:1      | Gargoyl the Gargoyle Berserker began the quest for the Orb.
     0 | D:1      | Reached XP level 1. HP: 14/14 MP: 1/1
   134 | D:1      | Reached skill level 3 in Axes
   134 | D:1      | Reached XP level 2. HP: 17/20 MP: 2/2
   366 | D:1      | Reached XP level 3. HP: 23/24 MP: 3/3
   681 | D:2      | Reached ** piety under Trog
   766 | D:2      | Noticed Sigmund
   776 | D:2      | Killed Sigmund
   777 | D:2      | Reached skill level 4 in Axes
   777 | D:2      | Reached XP level 4. HP: 30/30 MP: 4/4
   777 | D:2      | Reached XP level 5. HP: 34/34 MP: 5/5
  1324 | D:3      | Reached XP level 6. HP: 38/39 MP: 6/6
  1465 | D:3      | You fall into a shaft and drop 2 floors!
  1465 | D:5      | Entered Level 5 of the Dungeon
  1553 | D:5      | Reached skill level 1 in Stealth
  1629 | D:5      | Reached skill level 5 in Axes
  1629 | D:5      | Reached XP level 7. HP: 44/44 MP: 7/7
  1774 | D:5      | Found an ornate altar of the Wu Jian Council.
  1810 | D:4      | Found Vich's Distillery.
  1838 | D:4      | Bought a potion of mutation for 112 gold pieces
  1872 | D:4      | Splashed by a jelly's acid

Illustrated notes

Levels and vault maps discovered:
D:1:      nicolae_arrival_memento_mori, layout_basic,
          hangedman_abyss_or_decor_stabs
D:2:      layout_basic, uniq_sigmund
D:3:      layout_rooms
D:4:      layout_loops_corners, nicolae_qazlal_general_emergency,
          mainiacjoe_overflow_catwalk, minmay_temple_entry_metal_lava,
          serial_shops, shop, chequers_big_river
D:5:      layout_basic, nicolae_wu_jian_wuxing_cycle, grunt_decor_resistance

Skill      XL: |  1  2  3  4  5  6  7 |
---------------+----------------------+-----
Axes           | 3 4 5 |  5.3
Fighting       | 4 |  4.9
Dodging        | 2 3 |  3.1
Armour         | 3 |  3.6
Stealth        | 1 |  1.1

Action                     |  1- 3 |  4- 6 |  7- 9 || total
---------------------------+-------+-------+-------++-------
  Melee: Hand axe          |    61 |    76 |    49 ||   186
         Punch             |     1 |     1 |     2 ||     4
 Invoke: Berserk           |     1 |     2 |     1 ||     4
         Trog's Hand       |     1 |       |     1 ||     2
    Use: Scroll            |     3 |     1 |     1 ||     5
 Armour: Animal skin       |    11 |       |       ||    11
         Ring mail         |    38 |    51 |    51 ||   140
  Dodge: Dodged            |    54 |    52 |    47 ||   153

Table legend: (Time is in decaauts)
 A = Elapsed time spent in this place.
 B = Non-inter-level travel time spent in this place.
 C = Inter-level travel time spent in this place.
 D = Time resting spent in this place.
 E = Time spent auto-exploring this place.
 F = Levels seen in this place.
 G = Mean time per level.
                   A        B        C        D        E       F      G
               +--------+--------+--------+--------+--------+-----+--------+
         Total |   1930 |   1853 |     77 |     41 |   1214 |   5 |  386.0 |
       Dungeon |   1930 |   1853 |     77 |     41 |   1214 |   5 |  386.0 |
               +--------+--------+--------+--------+--------+-----+--------+

Top non-repeatable levels by time:
     D:2: 729 daAuts
     D:1: 620 daAuts
     D:5: 332 daAuts
     D:3: 151 daAuts
     D:4: 97 daAuts
